 Dungeon Crawl Stone Soup version 0.31-a0-523-g071a6c1ffa (webtiles) character file.

Game seed: 9323432972861640043

58571 quinnr the Stormcaller (level 14, -9/80 HPs)
             Began as a Tengu Air Elementalist on Aug 8, 2023.
             Was a High Priest of Vehumet.
             Mangled by a sun demon (22 damage)
             ... summoned by an obsidian statue
             ... on level 5 of the Lair of Beasts on Aug 11, 2023.
             The game lasted 01:09:54 (35255 turns).

quinnr the Stormcaller (Tengu Air Elementalist)    Turns: 35255, Time: 01:09:55

Health: -9/80      AC: 10    Str: 13    XL:     14   Next: 91%
Magic:  19/29      EV: 19    Int: 21    God:    Vehumet [*****.]
Gold:   592        SH:  5    Dex: 14    Spells: 11/33 levels left

rFire   + . .        f - staff of air {!a}
rCold   . . .        A - +0 buckler
rNeg    . . .        C - +1 robe of Sandy Contentment {rCorr}
rPois   +            v - +2 hat {Stlth+}
rElec   +            L - +2 cloak {rPois}
rCorr   +            h - +1 pair of gloves
SInv    +            (boots unavailable)
Will    +....        z - amulet of faith {!P}
Stlth   ++++         F - ring of protection from fire
HPRegen 0.33/turn    M - ring "Baeneg" {Str+4 Slay+3 SInv}
MPRegen 0.21/turn

%: faith
@: flying quickly and evasively, quick
A: beak, talons 3, nimble flight
a: Renounce Religion


You were on level 5 of the Lair of Beasts.
You worshipped Vehumet.
Vehumet was extremely pleased with you.
You visited 3 branches of the dungeon, and saw 19 of its levels.
You also visited: Ossuary and Ice Cave.

You collected 1036 gold pieces.
You spent 444 gold pieces at shops.


Innate Abilities, Weirdness & Mutations

You have a beak for a mouth.
You have claws for feet.
Your magical nature lets you fly swiftly and evasively.


   Skills:
 - Level 6.0 Fighting
 - Level 10.0 Dodging
 - Level 7.0 Stealth
 - Level 4.0 Shields
 - Level 10.0 Spellcasting
 - Level 11.9 Conjurations
 - Level 5.0 Ice Magic
 + Level 18.0 Air Magic
 - Level 6.0 Poison Magic
 - Level 8.0 Evocations


You had 11 spell levels left.
You knew the following spells:

 Your Spells              Type           Power      Damage    Failure   Level
a - Airstrike             Air            46%        2d(7-23)  1%          4
f - Freezing Cloud        Conj/Ice/Air   36%        6-21      1%          5
i - Swiftness             Air            92%        N/A       0%          3
p - Poisonous Vapours     Pois/Air       100%       N/A       1%          2
t - Static Discharge      Conj/Air       100%       2-7/arc   1%          2
z - Shock                 Conj/Air       100%       1d9       0%          1
X - Arcjolt               Conj/Air       41%        1d51      1%          5

Your spell library contained the following spells:

 Spells                   Type           Power      Damage    Failure   Level
 Magic Dart               Conj           100%       1d8       1%          1
 Searing Ray              Conj           100%       2d8       1%          2
 Frozen Ramparts          Ice            62%        1d10      1%          3
 Fulminant Prism          Conj/Hex       17%        3d11      2%          4
 Silence                  Hex/Air        32%        N/A       6%          5
 Alistair's Intoxication  Tmut/Pois      15%        N/A       56%         5
 Passage of Golubria      Tloc           10%        N/A       63%         4
 Petrify                  Tmut/Erth      10%        N/A       63%         4
 Metabolic Englaciation   Hex/Ice        10%        N/A       63%         5
 Eringya's Noxious Bog    Tmut/Pois      11%        4d6       65%         6
 Borgnjor's Vile Clutch   Necr/Erth      5%         N/A       93%         5
 Lehudib's Crystal Spear  Conj/Erth      17%        10d5      100%        8

Inventory:

Hand Weapons
 o - a +1 rapier of freezing
 B - the +2 sling "Jireqatu" {flame, +Blink rF+ Str-4 Stlth+}
   (You found it on level 6 of the Dungeon)

   Str-4:     It affects your strength (-4).
   rF+:       It protects you from fire.
   +Blink:    It lets you blink.
   Stlth+:    It makes you more stealthy.
 K - a +2 dagger of venom
Missiles
 q - 4 throwing nets {=f}
Armour
 b - a +0 tower shield of cold resistance
 h - a +1 pair of gloves (worn)
 v - a +2 hat of stealth (worn)
 A - a +0 buckler (worn)
 C - the +1 robe of Sandy Contentment (worn) {rCorr}
   (You found it on level 1 of the Lair of Beasts)

   rCorr:     It protects you from acid and corrosion.
 L - a +2 cloak of poison resistance (worn)
 X - a +2 robe of willpower
Magical Staves
 c - a staff of cold {!a}
 f - a staff of air (weapon) {!a}
 I - a staff of fire {!a}
Jewellery
 n - a ring of positive energy
 z - an amulet of faith (around neck) {!P}
 F - a ring of protection from fire (left hand)
 M - the ring "Baeneg" (right hand) {Str+4 Slay+3 SInv}
   (You found it on level 10 of the Dungeon)

   [ring of see invisible]

   Str+4:     It affects your strength (+4).
   Slay+3:    It affects your accuracy & damage with ranged weapons and melee
   (+3).
   SInv:      It lets you see invisible.
 P - a ring of poison resistance
 S - a +6 ring of strength
 T - a +4 ring of protection
Wands
 a - a wand of roots (11)
 m - a wand of paralysis (21)
 w - a wand of polymorph (7)
Scrolls
 g - 3 scrolls of immolation
 j - a scroll of summoning
 k - 4 scrolls of teleportation {@r2}
 p - 2 scrolls of amnesia
 t - 2 scrolls of fear
 x - 2 scrolls of silence {!r}
 y - 2 scrolls of poison
 E - a scroll of fog
 N - 7 scrolls of enchant weapon
 Q - a scroll of torment
Potions
 d - 6 potions of lignification
 e - a potion of might
 i - 3 potions of haste {@q3}
 l - 7 potions of enlightenment
 r - 3 potions of mutation
 s - a potion of brilliance
 u - 2 potions of heal wounds {@q2}
 D - 3 potions of curing {@q1}
 G - a potion of resistance
 H - a potion of degeneration
 O - a potion of berserk rage {!q}
 R - 2 potions of cancellation {unknown}
 U - a potion of experience {unknown}
 V - a potion of ambrosia {unknown}

Dungeon Overview and Level Annotations

Branches:
Dungeon (13/15)            Temple (1/1) D:5            Lair (5/5) D:11
 Shoals (0/4) Lair:3        Snake (0/4) Lair:3        Slime (0/5) Lair:4
Ossuary (visited)           IceCv (visited)
    Orc: D:9-12      Vaults: D:13-14

Altars:
Ashenzari
Cheibriados
Dithmenos
Elyvilon
Fedhas
Gozag
Hepliaklqana
Kikubaaqudgha
Makhleb
Nemelex Xobeh
Okawaru
Qazlal
Ru
Sif Muna
Trog
Uskayaw
Vehumet
Wu Jian
Xom
Yredelemnul
Zin
The Shining One
Jiyva

Shops:
D:5 (   D:9 *   D:10 [[

Annotations:
D:3 Grinder
D:4 Eustachio
D:5 2 transporters, Zonian's ghost, amateur OpSh
D:7 Jeremiah
D:8 3 runed translucent doors, Maggie; wormstring's ghost, novice FeCK
D:9 exclusion: downstairs
D:11 exclusion: ugly thing
D:12 exclusion: downstairs
Lair:1 exclusion: downstairs
Lair:5 exclusion: obsidian statue

▒).....▒ ▒▒▒▒.▒▒▒ ▒
▒8.....▒▒▒▒....▒
▒▒▒▒▒▒▒▒▒'▒P...▒▒▒▒
▒ ▒▒)▒ ▒.▒.▒▒▒▒ ≈p
▒▒+▒ ▒...▒ ≈~' #♣8♣
▒8..▒ ~▒▒
#...♣♣▒▒▒▒''▒++▒▒
##...P.#.#..#...▒
♣...3@.....#▒▒
♣♣P.......#▒
♣♣.##..#.▒ #▒
▒▒▒▒▒▒


You could see a sun demon (summoned).


Message History

Okay, then.
Unknown command.
Okay, then.
Unknown command.
You feel much better. The sun demon hits you!
You are engulfed in flames.
You resist.
* * * LOW HITPOINT WARNING * * *
Unknown command.
Casting: Airstrike (safe; 1% risk of failure)
Confirm with . or Enter, or press ? or * to list all spells.
You feel a surge of power!
Electricity surges outward!
The sun demon resists.
The sun demon is struck by an electric surge.
The sun demon is lightly wounded.
The sun demon closely misses you.
Unknown command.
Unknown command.
Casting: Arcjolt (safe; 1% risk of failure)
Confirm with . or Enter, or press ? or * to list all spells.
Aiming: Airstrike (safe; 1% risk of failure)
Press: ? - help, Dir - move target, f - sun demon
Aim: a sun demon (lightly wounded, summoned, empty space bonus: 6/8)
You feel a surge of power!
The air twists around and strikes the sun demon!!
The sun demon is heavily wounded.
The sun demon hits you!
* * * LOW HITPOINT WARNING * * *
You are engulfed in flames!
You resist.
* * * LOW HITPOINT WARNING * * *
The sun demon hits you!!
You die...

Skill      XL: |  1  2  3  4  5  6  7  8  9 10 11 12 13 14 |
---------------+-------------------------------------------+-----
Conjurations   | 2 3 4 5 6 8 10 11 | 11.9
Air Magic      | 5 6 7 9 11 12 14 18 | 18.0
Spellcasting   | 4 5 8 10 | 10.0
Fighting       | 2 6 |  6.0
Dodging        | 7 9 10 | 10.0
Poison Magic   | 3 6 |  6.0
Evocations     | 3 6 7 8 |  8.0
Shields        | 4 |  4.0
Stealth        | 3 7 |  7.0
Ice Magic      | 5 |  5.0

Action                     |  1- 3 |  4- 6 |  7- 9 | 10-12 | 13-15 || total
---------------------------+-------+-------+-------+-------+-------++-------
  Melee: Unarmed           |     4 |       |       |       |       ||     4
         Kick              |     2 |     7 |     3 |    54 |    22 ||    88
         Peck              |     1 |     7 |     1 |    45 |    13 ||    67
         Staff             |       |    28 |    12 |   158 |    57 ||   255
         Punch             |       |     1 |       |     2 |       ||     3
   Fire: Sling             |       |       |       |    19 |       ||    19
   Cast: Shock             |    59 |   128 |   139 |   103 |    22 ||   451
         Static Discharge  |       |     2 |    22 |    77 |    50 ||   151
         Airstrike         |       |       |    57 |   271 |   244 ||   572
         Swiftness         |       |       |     4 |     6 |     6 ||    16
         Poisonous Vapours |       |       |       |   111 |   130 ||   241
         Arcjolt           |       |       |       |       |    38 ||    38
         Freezing Cloud    |       |       |       |       |    11 ||    11
  Evoke: Wand              |       |       |       |    18 |     4 ||    22
    Use: Scroll            |       |     2 |    10 |    13 |     5 ||    30
         Potion            |       |       |     4 |     3 |     2 ||     9
   Stab: Sleeping          |       |       |     1 |       |       ||     1
         Paralysed         |       |       |       |     3 |       ||     3
 Armour: Robe              |     1 |     3 |     9 |    72 |    33 ||   118
  Dodge: Dodged            |    10 |    30 |    75 |   302 |   136 ||   553
  Block: Buckler           |       |       |       |       |    18 ||    18

Levels and vault maps discovered:
D:1:      spicycebolla_green_bress_n_ham, layout_basic, serial_corexii_hall,
          chequers_hall_statues_wall_a, corexii_hall_statues_l, grunt_decor_cap
D:2:      layout_loops_ring, uniq_jessica
D:3:      layout_basic, nicolae_overflow_ecumenical_swirl, serial_curves,
          eino_curves_04, eino_curves_01, nicolae_ecumenical_oubliette,
          uniq_grinder
D:4:      layout_loops_ring, eat_drink_and_be_merry_uskayaw,
          serial_co_window_serial, co_window_corner_a, co_window_paths_b,
          co_window_paths_b, co_window_corner_a, co_window_cross_1,
          co_window_paths_a, co_window_cross_1, co_window_unsneaky_path_a,
          co_window_corner_b, co_window_unsneaky_path_d,
          co_window_of_opportunity_c, co_window_corner_b, glass_columns_a,
          glass_columns_a, glass_columns_a, nicolae_ossuary_entry_monument,
          skrybe_limestone_x, chequers_serial_rivers_small_b,
          dk_rats_in_the_wall
D:5:      layout_loops_ring, gammafunk_temple_overflow_statue,
          minmay_temple_entry_steel_oval, gammafunk_ghost_smash, serial_shops,
          nicolae_shop_behind_doors, uniq_crazy_yiuf_cottage, uniq_eustachio
D:6:      layout_cave_pools, kennysheep_little_box, amcnicky_altar_gilded,
          glass_columns_a
D:7:      layout_cave_pools, kennysheep_mini, nzn_wu_jian_contemplation,
          uniq_jeremiah
D:8:      layout_rooms, biasface_ghost_orc_armoury,
          eino_small_chamber_without_monster, uniq_maggie
D:9:      layout_rooms, mainiacjoe_overflow_six_doors_small, tso_metal_star,
          mainiacjoe_overflow_two_lobes, serial_shops, nicolae_shop_tiny_glass,
          amcnicky_mini_corridor_feature, dk_noncrumbling_2
D:10:     layout_small_grid, nicolae_overflow_hidden_temple, serial_shops, shop,
          kennysheep_small_circle
D:11:     layout_cave_pods, minmay_lair_entry_grove
D:12:     layout_cave_pools, erik_orc_3, portal_ice_cave_demonic_guard,
          uniq_gastronok, uniq_josephine, uniq_maurice, uniq_snorg,
          uniq_nergalle
D:13:     layout_rooms, drop_trap
Temple:   nicolae_temple_figure_zero
Lair:1:   layout_regular_city, roderic_batcave, disabler_island, uniq_harold
Lair:2:   layout_cave_pods, infiniplex_staircase_pool_2
Lair:3:   layout_small_grid, minmay_shoals_entry_hut,
          nicolae_snake_entry_squirm, st_stairs_7, grunt_forest_large_clearings,
          lemuel_fruit_fields
Lair:4:   layout_cave_pods, slime_entry_1, grunt_megastairs_4, uniq_kirke
Lair:5:   due_jungle_book, layout_loops_ring, dreamdust_deal_with_the_devil,
          nicolae_quartered_pool_super

Notes
Turn   | Place    | Note
-------+----------+-------------------------------------------
     0 | D:1      | quinnr the Tengu Air Elementalist began the quest for the
                  | Orb.
     0 | D:1      | Reached XP level 1. HP: 10/10 MP: 4/4
   241 | D:1      | Reached skill level 2 in Conjurations
   287 | D:1      | Reached XP level 2. HP: 15/15 MP: 1/6
   946 | D:1      | Reached XP level 3. HP: 19/19 MP: 5/7
  1088 | D:2      | Reached skill level 3 in Conjurations
  1222 | D:2      | Noticed Jessica
  1225 | D:2      | Killed Jessica
  1226 | D:2      | Reached skill level 5 in Air Magic
  1226 | D:2      | Reached XP level 4. HP: 24/24 MP: 5/8
  1804 | D:3      | Found a faded altar of an unknown god.
  2191 | D:3      | Reached skill level 4 in Conjurations
  2395 | D:3      | Noticed Grinder
  2529 | D:3      | Found a faded altar of an unknown god.
  2541 | D:3      | Found a shadowy altar of Dithmenos.
  2666 | D:4      | Noticed a black bear
  2716 | D:4      | Noticed a scorpion
  2731 | D:4      | Found a sand-covered staircase.
  2744 | D:4      | Learned a level 2 spell: Static Discharge
  2745 | Ossuary  | Entered an ossuary
  2756 | Ossuary  | Gained mutation: Your magical nature lets you fly swiftly
                  | and evasively. [Tengu growth]
  2756 | Ossuary  | Reached XP level 5. HP: 28/28 MP: 6/9
  3044 | Ossuary  | Reached skill level 6 in Air Magic
  3264 | Ossuary  | Reached skill level 5 in Conjurations
  3274 | Ossuary  | Reached XP level 6. HP: 21/32 MP: 0/10
  3432 | Ossuary  | Reached skill level 7 in Air Magic
  3545 | Ossuary  | Reached skill level 6 in Conjurations
  3761 | Ossuary  | Reached XP level 7. HP: 35/36 MP: 1/11
  3913 | D:4      | Found a hide-covered altar of Uskayaw.
  4257 | D:4      | Reached skill level 7 in Conjurations
  4257 | D:4      | Reached skill level 8 in Air Magic
  5283 | D:5      | Entered Level 5 of the Dungeon
  5297 | D:5      | Reached skill level 8 in Conjurations
  5353 | D:5      | Reached skill level 9 in Air Magic
  5406 | D:5      | Reached XP level 8. HP: 41/41 MP: 8/12
  5421 | D:5      | Noticed Eustachio
  5824 | D:5      | Found a staircase to the Ecumenical Temple.
  6175 | D:5      | Found a runed translucent door.
  6176 | D:5      | Noticed Crazy Yiuf
  6310 | D:5      | Found a transporter.
  6310 | D:5      | Noticed Zonian's ghost (amateur OpSh)
  6319 | D:5      | Found Ipuoskal's Antique Weapon Boutique.
  6361 | D:5      | Found a transporter.
  6453 | D:5      | Found an opulent altar of Gozag.
  6454 | D:5      | Found a basalt altar of Yredelemnul.
  6575 | D:5      | Killed Crazy Yiuf
  6664 | D:6      | Reached skill level 9 in Conjurations
  6668 | D:6      | Noticed a yak
  6671 | D:6      | Noticed a yak
  6673 | D:6      | Noticed a yak
  6781 | Temple   | Entered the Ecumenical Temple
  6792 | Temple   | Became a worshipper of Vehumet
  6808 | D:5      | Upgraded the game from 0.31-a0-496-g6f97920a28 to
                  | 0.31-a0-523-g071a6c1ffa
  6973 | D:5      | Learned a level 4 spell: Airstrike
  6977 | D:5      | Learned a level 3 spell: Swiftness
  6998 | D:5      | Killed a yak
  6999 | D:5      | Reached skill level 10 in Air Magic
  7158 | D:5      | Killed a yak
  7352 | D:5      | Found a staircase to the Ecumenical Temple.
  7488 | D:5      | Found an opulent altar of Gozag.
  7489 | D:5      | Found a basalt altar of Yredelemnul.
  7539 | D:5      | Found Ipuoskal's Antique Weapon Boutique.
  7542 | D:5      | Found a transporter.
  7543 | D:5      | Found a transporter.
  7659 | D:5      | Reached skill level 10 in Conjurations
  8313 | D:5      | Found a staircase to the Ecumenical Temple.
  8372 | D:5      | Killed a yak
  8373 | D:5      | Reached skill level 11 in Air Magic
  8373 | D:5      | Reached XP level 9. HP: 45/45 MP: 4/13
  8683 | D:5      | Found an opulent altar of Gozag.
  8684 | D:5      | Found a basalt altar of Yredelemnul.
  8734 | D:5      | Found Ipuoskal's Antique Weapon Boutique.
  8737 | D:5      | Found a transporter.
  8738 | D:5      | Found a transporter.
  9352 | D:6      | Reached skill level 11 in Conjurations
  9474 | D:6      | Found a shimmering blue altar of Sif Muna.
  9488 | D:6      | Identified the +2 sling "Jireqatu" {flame, +Blink rF+ Str-4
                  | Stlth+}
  9902 | D:6      | Found a blossoming altar of Fedhas.
  9922 | D:6      | Reached skill level 12 in Air Magic
 10932 | D:7      | Reached skill level 3 in Spellcasting
 11066 | D:7      | Found an ornate altar of the Wu Jian Council.
 11098 | D:7      | Found an iron altar of Okawaru.
 11129 | D:7      | Reached * piety under Vehumet
 11129 | D:7      | Offered knowledge of Kiss of Death by Vehumet.
 11280 | D:7      | Reached skill level 4 in Spellcasting
 11365 | D:7      | Noticed Jeremiah
 11738 | D:8      | Found a runed translucent gate.
 11739 | D:8      | Found a runed translucent gate.
 11740 | D:8      | Found a runed translucent gate.
 11741 | D:8      | Noticed wormstring's ghost (novice FeCK)
 11798 | D:8      | Reached XP level 10. HP: 50/50 MP: 8/18
 11871 | D:9      | Found Quxzeep's Assorted Antiques.
 11880 | D:9      | Bought a scroll of teleportation for 66 gold pieces
 11880 | D:9      | Bought a scroll of identify for 44 gold pieces
 11880 | D:9      | Bought a small marble ring for 110 gold pieces
 11895 | D:9      | Reached skill level 5 in Spellcasting
 11956 | D:9      | Reached skill level 1 in Fighting
 11956 | D:9      | Reached skill level 3 in Dodging
 12041 | D:9      | Found a glowing golden altar of the Shining One.
 12050 | D:9      | Found an ancient bone altar of Kikubaaqudgha.
 12108 | D:9      | Reached skill level 2 in Fighting
 12385 | D:9      | Found a bloodstained altar of Trog.
 12419 | D:9      | Reached skill level 4 in Dodging
 12476 | D:9      | Found a glowing silver altar of Zin.
 12529 | D:8      | Noticed Maggie
 12883 | D:10     | Entered Level 10 of the Dungeon
 12951 | D:10     | Reached skill level 5 in Dodging
 13111 | D:10     | Noticed a two-headed ogre
 13261 | D:10     | Found Plog's Armour Shop.
 13268 | D:10     | Reached skill level 6 in Dodging
 13276 | D:10     | Bought a +0 cloak of poison resistance for 136 gold pieces
 13351 | D:10     | Identified the ring "Baeneg" {Str+4 Slay+3 SInv}
 13379 | D:10     | Reached ** piety under Vehumet
 13380 | D:10     | Offered knowledge of Poisonous Vapours by Vehumet.
 13385 | D:10     | Learned a level 2 spell: Poisonous Vapours
 13652 | D:10     | Found Ylyomah's Antique Armour Boutique.
 13662 | D:10     | Reached skill level 7 in Dodging
 13662 | D:10     | Reached skill level 1 in Poison Magic
 13662 | D:10     | Reached skill level 1 in Evocations
 13758 | D:10     | Bought an embroidered robe for 88 gold pieces
 13791 | D:10     | Reached skill level 2 in Poison Magic
 13791 | D:10     | Reached skill level 2 in Evocations
 13859 | D:10     | Killed a two-headed ogre
 13860 | D:10     | Reached skill level 3 in Poison Magic
 13860 | D:10     | Reached skill level 3 in Evocations
 13967 | D:10     | Noticed a kobold demonologist
 13968 | D:10     | Noticed a kobold demonologist
 13984 | D:10     | Killed a kobold demonologist
 13985 | D:10     | Reached XP level 11. HP: 57/57 MP: 13/19
 14066 | D:10     | Reached skill level 4 in Poison Magic
 14066 | D:10     | Reached skill level 4 in Evocations
 14343 | D:10     | Found a sacrificial altar of Ru.
 14730 | D:11     | Noticed a green ugly thing
 14903 | D:11     | Noticed a two-headed ogre
 14930 | D:11     | Killed a two-headed ogre
 14931 | D:11     | Reached skill level 5 in Poison Magic
 14931 | D:11     | Reached skill level 5 in Evocations
 15476 | D:11     | Offered knowledge of Inner Flame by Vehumet.
 15515 | D:11     | Reached skill level 1 in Shields
 15560 | D:11     | Reached skill level 6 in Evocations
 15561 | D:11     | Reached skill level 6 in Poison Magic
 15683 | D:11     | Reached skill level 2 in Shields
 15708 | D:11     | Reached skill level 3 in Shields
 15829 | D:11     | Found a staircase to the Lair.
 15832 | D:11     | Reached *** piety under Vehumet
 15896 | D:11     | Noticed a two-headed ogre
 15920 | D:11     | Reached skill level 4 in Shields
 16392 | D:12     | Noticed a cyclops
 16394 | D:12     | Killed a cyclops
 16466 | D:12     | Noticed a red ugly thing
 16481 | D:12     | Killed a red ugly thing
 16525 | D:12     | Reached skill level 8 in Dodging
 16662 | D:12     | Noticed a two-headed ogre
 16700 | D:12     | Offered knowledge of Olgreb's Toxic Radiance by Vehumet.
 16702 | D:12     | Noticed Josephine
 16841 | D:12     | Killed a two-headed ogre
 16845 | D:12     | Reached skill level 9 in Dodging
 16852 | D:12     | Killed Josephine
 16853 | D:12     | Reached XP level 12. HP: 57/62 MP: 4/20
 16886 | D:12     | Reached skill level 10 in Dodging
 16921 | D:12     | Noticed Nergalle
 16942 | D:12     | Killed Nergalle
 16943 | D:12     | Reached skill level 3 in Fighting
 16973 | D:12     | Reached **** piety under Vehumet
 16974 | D:12     | Reached skill level 4 in Fighting
 17001 | D:12     | Found a frozen archway.
 17012 | IceCv    | Entered an ice cave
 17222 | IceCv    | Reached skill level 5 in Fighting
 17317 | IceCv    | Offered knowledge of Lee's Rapid Deconstruction by Vehumet.
 22023 | IceCv    | Glimpsed the power of Zot.
 22204 | D:12     | Noticed Gastronok
 22292 | D:12     | Killed Gastronok
 22293 | D:12     | Reached skill level 6 in Fighting
 22448 | D:12     | Noticed Snorg
 22630 | D:12     | Reached skill level 6 in Spellcasting
 22763 | D:12     | Killed Snorg
 23093 | Lair:1   | Entered Level 1 of the Lair of Beasts
 23263 | D:11     | Reached skill level 7 in Spellcasting
 23389 | D:11     | Killed a two-headed ogre
 23709 | Lair:1   | Identified the +1 robe of Sandy Contentment {rCorr}
 23800 | Lair:1   | Reached skill level 8 in Spellcasting
 23956 | Lair:1   | Noticed Harold
 23967 | Lair:1   | Killed Harold
 24469 | Lair:1   | Reached skill level 3 in Stealth
 24469 | Lair:1   | Reached XP level 13. HP: 74/74 MP: 18/26
 24811 | Lair:2   | Reached skill level 9 in Spellcasting
 24914 | Lair:2   | Reached skill level 4 in Stealth
 25394 | Lair:2   | Reached ***** piety under Vehumet
 25394 | Lair:2   | Offered knowledge of Arcjolt by Vehumet.
 25395 | Lair:2   | Reached skill level 5 in Stealth
 26639 | Lair:3   | Reached skill level 6 in Stealth
 26825 | Lair:3   | Reached skill level 10 in Spellcasting
 26930 | Lair:3   | Learned a level 5 spell: Arcjolt
 27033 | Lair:3   | Reached skill level 7 in Stealth
 27327 | Lair:3   | Reached skill level 13 in Air Magic
 27692 | Lair:3   | Identified a potion of resistance
 27872 | Lair:3   | Found a staircase to the Snake Pit.
 28174 | Lair:3   | Found a staircase to the Shoals.
 29065 | Lair:4   | Reached skill level 14 in Air Magic
 29065 | Lair:4   | Noticed Kirke
 29066 | Lair:4   | Reached skill level 7 in Evocations
 29177 | Lair:4   | Killed Kirke
 29482 | Lair:4   | Found a staircase to the Slime Pits.
 29484 | Lair:4   | Found a viscous altar of Jiyva.
 29605 | Lair:4   | Reached XP level 14. HP: 80/80 MP: 16/29
 29858 | Lair:4   | Reached skill level 8 in Evocations
 30066 | Lair:4   | Reached skill level 15 in Air Magic
 30866 | Lair:5   | Entered Level 5 of the Lair of Beasts
 31024 | Lair:5   | Reached skill level 16 in Air Magic
 31953 | Lair:5   | Offered knowledge of Freezing Cloud by Vehumet.
 31983 | Lair:5   | Learned a level 5 spell: Freezing Cloud
 32284 | Lair:4   | Reached skill level 1 in Ice Magic
 32653 | Lair:5   | Reached skill level 2 in Ice Magic
 32653 | Lair:5   | Reached skill level 17 in Air Magic
 32783 | Lair:5   | Identified a +12 crystal plate armour of ponderousness
 32801 | Lair:5   | Reached skill level 3 in Ice Magic
 33695 | Lair:5   | Noticed a dire elephant
 33804 | Lair:5   | Noticed a dire elephant
 33804 | Lair:5   | Noticed a dire elephant
 34025 | Lair:5   | Reached skill level 4 in Ice Magic
 34967 | Lair:5   | Reached skill level 18 in Air Magic
 35158 | Lair:5   | Reached skill level 5 in Ice Magic
 35255 | Lair:5   | Mangled by a sun demon

Vanquished Creatures
  Gastronok (D:12)
  Kirke (Lair:4)
  Snorg (D:12)
  Harold (Lair:1)
  2 hydras
  2 catoblepae
  A boulder beetle (Lair:3)
  3 two-headed ogres
  A death yak (Lair:5)
  Nergalle (D:12)
  3 spectral death yaks (Lair:5)
  5 skysharks
  2 necromancers (Lair:5)
  2 ugly things
  A cyclops (D:12)
  An ice statue (IceCv)
  25 elephants
  3 black mambas
  12 cane toads
  A rime drake (Lair:3)
  7 komodo dragons
  4 kobold demonologists
  2 ice devils (D:12)
  5 trolls
  A spectral elephant (Lair:5)
  8 blink frogs
  A snapping turtle (Lair:3)
  A dire elephant simulacrum (Lair:5)
  A shadow (D:11)
  4 wraiths
  51 yaks
  A vampire (D:12)
  7 hogs (Lair:4)
  9 wyverns
  A steam dragon (D:10)
  4 basilisks
  3 death yak simulacra
  3 nagas (Lair:3)
  An acid dragon (D:9)
  26 water moccasins
  4 orc warriors (D:12)
  An ice beast (D:7)
  3 black bears
  An elephant zombie (Lair:5)
  18 wolves
  6 centaurs
  2 ogres (D:12)
  3 elephant skeletons (Lair:5)
  2 elf zombies (Ossuary)
  2 kobold brigands
  14 bullfrogs
  4 scorpions
  A cane toad simulacrum (IceCv)
  5 wights
  5 elephant simulacra
  9 killer bees
  5 electric eels
  2 vampire bats (Lair:1)
  5 howler monkeys
  A centaur zombie (Ossuary)
  4 human zombies (Ossuary)
  5 hounds
  5 orc priests
  4 jellies
  A gnoll bouda (D:7)
  A sleepcap (D:4)
  Crazy Yiuf (D:5)
  Jessica (D:2)
  4 iguanas
  10 orc wizards
  7 hell rats (Lair:4)
  A wolf simulacrum (IceCv)
  2 mummies (Ossuary)
  6 gnolls
  5 adders
  3 white imps
  21 orcs
  5 ball pythons
  9 bats
  3 endoplasms
  4 giant cockroaches
  10 goblins
  10 hobgoblins
  3 jackals (D:2)
  5 quokkas
  2 frilled lizards (D:1)
  2 goblin zombies (Ossuary)
  9 hobgoblin zombies (Ossuary)
  A jackal zombie (Ossuary)
  20 kobolds
  8 kobold zombies (Ossuary)
  8 orc zombies (Ossuary)
  4 rats
  2 rat zombies (Ossuary)
  A butterfly (Lair:3)
489 creatures vanquished.

Vanquished Creatures (collateral kills)
  Josephine (D:12)
  A two-headed ogre (D:12)
  2 wraiths (D:12)
  An orc (D:12)
5 creatures vanquished.

Grand Total: 494 creatures vanquished

Table legend: (Time is in decaauts)
 A = Elapsed time spent in this place.
 B = Non-inter-level travel time spent in this place.
 C = Inter-level travel time spent in this place.
 D = Time resting spent in this place.
 E = Time spent auto-exploring this place.
 F = Levels seen in this place.
 G = Mean time per level.
                   A        B        C        D        E       F      G
               +--------+--------+--------+--------+--------+-----+--------+
         Total |  34035 |  32738 |   1297 |   9084 |  18158 |  21 | 1620.7 |
       Dungeon |  16229 |  15404 |    825 |   1904 |  10789 |  13 | 1248.4 |
        Temple |    365 |    357 |      8 |    319 |      0 |   1 |  365.0 |
          Lair |  11235 |  10772 |    463 |   2668 |   6410 |   5 | 2247.0 |
       Ossuary |   1111 |   1111 |      0 |      2 |    809 |   1 | 1111.0 |
      Ice Cave |   5093 |   5093 |      0 |   4189 |    148 |   1 | 5093.0 |
               +--------+--------+--------+--------+--------+-----+--------+

Top non-repeatable levels by time:
   IceCv: 5093 daAuts
  Lair:5: 3345 daAuts
     D:5: 3104 daAuts
  Lair:4: 2845 daAuts
    D:11: 2257 daAuts
  Lair:2: 1911 daAuts
  Lair:3: 1894 daAuts
     D:4: 1557 daAuts
    D:10: 1549 daAuts
    D:12: 1347 daAuts
  Lair:1: 1238 daAuts
     D:6: 1234 daAuts
     D:9: 1211 daAuts
 Ossuary: 1111 daAuts
     D:7: 1028 daAuts

Table legend:
 A = Non-vault XP
 B = Vault XP
 C = Vault XP percentage of total XP
 D = Non-vault monster count
 E = Vault monster count
 F = Vault count percentage of total count
                 A         B        C        D         E       F
            +---------+---------+-------+---------+---------+-------
      Total |   53417 |   30257 |  36.2 |     341 |     152 |  30.8
            +---------+---------+-------+---------+---------+-------
        D:1 |      34 |       0 |   0.0 |      21 |       0 |   0.0
        D:2 |      23 |      37 |  61.7 |      13 |       1 |   7.1
        D:3 |      68 |       0 |   0.0 |      11 |       0 |   0.0
        D:4 |     456 |       0 |   0.0 |      23 |       0 |   0.0
        D:5 |    1193 |      37 |   3.0 |      19 |       1 |   5.0
        D:6 |    1059 |       0 |   0.0 |      19 |       0 |   0.0
        D:7 |    1045 |       0 |   0.0 |      20 |       0 |   0.0
        D:8 |     368 |       0 |   0.0 |       7 |       0 |   0.0
        D:9 |    1160 |       0 |   0.0 |      13 |       0 |   0.0
       D:10 |    2868 |    1229 |  30.0 |      20 |       4 |  16.7
       D:11 |    4420 |    2271 |  33.9 |      15 |      13 |  46.4
       D:12 |    4161 |    6156 |  59.7 |      19 |      28 |  59.6
     Temple |       3 |       0 |   0.0 |       1 |       0 |   0.0
     Lair:1 |    2490 |    1409 |  36.1 |      13 |      12 |  48.0
     Lair:2 |    5836 |       0 |   0.0 |      30 |       0 |   0.0
     Lair:3 |    5679 |    1895 |  25.0 |      22 |       7 |  24.1
     Lair:4 |    7224 |    6673 |  48.0 |      30 |      17 |  36.2
     Lair:5 |   15330 |    8572 |  35.9 |      45 |      22 |  32.8
    Ossuary |       0 |     480 | 100.0 |       0 |      39 | 100.0
      IceCv |       0 |    1498 | 100.0 |       0 |       8 | 100.0
            +---------+---------+-------+---------+---------+-------

Levels and vault maps discovered:
D:1:      spicycebolla_green_bress_n_ham, layout_basic, serial_corexii_hall,
          chequers_hall_statues_wall_a, corexii_hall_statues_l, grunt_decor_cap
D:2:      layout_loops_ring, uniq_jessica
D:3:      layout_basic, nicolae_overflow_ecumenical_swirl, serial_curves,
          eino_curves_04, eino_curves_01, nicolae_ecumenical_oubliette,
          uniq_grinder
D:4:      layout_loops_ring, eat_drink_and_be_merry_uskayaw,
          serial_co_window_serial, co_window_corner_a, co_window_paths_b,
          co_window_paths_b, co_window_corner_a, co_window_cross_1,
          co_window_paths_a, co_window_cross_1, co_window_unsneaky_path_a,
          co_window_corner_b, co_window_unsneaky_path_d,
          co_window_of_opportunity_c, co_window_corner_b, glass_columns_a,
          glass_columns_a, glass_columns_a, nicolae_ossuary_entry_monument,
          skrybe_limestone_x, chequers_serial_rivers_small_b,
          dk_rats_in_the_wall
D:5:      layout_loops_ring, gammafunk_temple_overflow_statue,
          minmay_temple_entry_steel_oval, gammafunk_ghost_smash, serial_shops,
          nicolae_shop_behind_doors, uniq_crazy_yiuf_cottage, uniq_eustachio
D:6:      layout_cave_pools, kennysheep_little_box, amcnicky_altar_gilded,
          glass_columns_a
D:7:      layout_cave_pools, kennysheep_mini, nzn_wu_jian_contemplation,
          uniq_jeremiah
D:8:      layout_rooms, biasface_ghost_orc_armoury,
          eino_small_chamber_without_monster, uniq_maggie
D:9:      layout_rooms, mainiacjoe_overflow_six_doors_small, tso_metal_star,
          mainiacjoe_overflow_two_lobes, serial_shops, nicolae_shop_tiny_glass,
          amcnicky_mini_corridor_feature, dk_noncrumbling_2
D:10:     layout_small_grid, nicolae_overflow_hidden_temple, serial_shops, shop,
          kennysheep_small_circle
D:11:     layout_cave_pods, minmay_lair_entry_grove
D:12:     layout_cave_pools, erik_orc_3, portal_ice_cave_demonic_guard,
          uniq_gastronok, uniq_josephine, uniq_maurice, uniq_snorg,
          uniq_nergalle
D:13:     layout_rooms, drop_trap
Temple:   nicolae_temple_figure_zero
Lair:1:   layout_regular_city, roderic_batcave, disabler_island, uniq_harold
Lair:2:   layout_cave_pods, infiniplex_staircase_pool_2
Lair:3:   layout_small_grid, minmay_shoals_entry_hut,
          nicolae_snake_entry_squirm, st_stairs_7, grunt_forest_large_clearings,
          lemuel_fruit_fields
Lair:4:   layout_cave_pods, slime_entry_1, grunt_megastairs_4, uniq_kirke
Lair:5:   due_jungle_book, layout_loops_ring, dreamdust_deal_with_the_devil,
          nicolae_quartered_pool_super
